 Dungeon Crawl Stone Soup version 0.29.1-2-gbd0b4ee654 (webtiles) character file.

Game seed: 15614078804101799237

76 funnyparkerb the Magician (level 4, -3/33 HPs)
             Began as a Demonspawn Transmuter on Nov 12, 2022.
             Slain by a worm (10 damage)
             ... on level 3 of the Dungeon on Nov 13, 2022.
             The game lasted 00:03:27 (2634 turns).

funnyparkerb the Magician (Demonspawn Transmuter)   Turns: 2634, Time: 00:03:28

Health: -3/33      AC:  2    Str: 10    XL:     4   Next: 12%
Magic:  4/8        EV: 12    Int: 17    God:
Gold:   105        SH:  0    Dex: 13    Spells: 2/8 levels left

rFire   . . .      SeeInvis .     - Unarmed
rCold   . . .      Faith    .   (no shield)
rNeg    . . .      Spirit   .   a - +0 robe
rPois   .          Reflect  .   (helmet restricted)
rElec   .          Harm     .   (no cloak)
rCorr   .          Rampage  .   (no gloves)
Will    .....                   (no boots)
Stlth   +.........              (no amulet)
HPRegen 0.11/turn               (no ring)
MPRegen 0.11/turn               (no ring)

@: wereblooded
A: antennae 1, claws 1, demonic guardian 1
a: no special abilities


You were on level 3 of the Dungeon.
You visited 1 branch of the dungeon, and saw 3 of its levels.

You collected 105 gold pieces.

Inventory:

Armour
 a - a +0 robe (worn)
Wands
 m - a wand of flame (11)
Scrolls
 c - a scroll of silence {unknown}
 e - a scroll of noise {unknown}
 f - a scroll of amnesia {unknown}
 g - a scroll of blinking {unknown}
 i - a scroll of teleportation {unknown}
 j - 3 scrolls of identify {unknown}
 k - a scroll of vulnerability {unknown}
 l - a scroll of immolation {unknown}
 n - 2 scrolls of butterflies {unknown}
 q - a scroll of summoning {unknown}
Potions
 b - a potion of lignification
 d - a potion of resistance {unknown}
 h - a potion of berserk rage {unknown}
 o - 2 potions of curing {unknown}
 p - a potion of mutation {unknown}


   Skills:
 + Level 2.2 Fighting
 - Level 1.7 Dodging
 - Level 2.6 Unarmed Combat
 + Level 2.7 Spellcasting
 + Level 2.7 Transmutations
 + Level 0.6 Poison Magic


You had 2 spell levels left.
You knew the following spells:

 Your Spells              Type           Power      Damage    Failure   Level
a - Beastly Appendage     Tmut           22%        N/A       6%          1
b - Wereblood             Tmut           11%        N/A       9%          2
c - Spider Form           Tmut/Pois      8%         N/A       26%         3

Your spell library contained the following spells:

 Spells                   Type           Power      Damage    Failure   Level
 Ice Form                 Ice/Tmut       6%         N/A       71%         4


Dungeon Overview and Level Annotations

Branches:
Dungeon (3/15)

Altars:

Shops:
D:2 ([:=*


Innate Abilities, Weirdness & Mutations

You have a pair of small antennae on your head.
You have sharp fingernails.
A weak demonic guardian rushes to your aid.


Message History

The worm moves out of view.
Your transformation is almost over.
The adder bites you but does no damage.
You barely miss the adder. The adder bites you. The adder misses you.
You scratch the adder. You claw the adder.
The adder is moderately wounded.
The adder closely misses you.
You closely miss the adder. Your kick misses the adder.
The adder is moderately wounded.
The adder bites you.
Your magical contamination has completely faded away.
You scratch the adder.
The adder is heavily wounded.
The adder bites you but does no damage.
You scratch the adder.
The adder is almost dead.
The adder closely misses you.
You completely miss the adder. You claw the adder.
The adder is almost dead.
The adder bites you but does no damage. The worm bites you.
The adder bites you but does no damage.
You scratch the adder but do no damage. Your kick misses the adder.
The adder is almost dead.
The goblin closely misses you. The adder bites you.
You closely miss the adder. Your kick misses the adder.
The adder is almost dead.
The adder bites you. The goblin hits you with a +0 dagger. The worm bites you.
You barely miss the adder.
The adder is almost dead.
Your talons disappear.
The adder misses you. The goblin barely misses you.
You closely miss the adder.
The adder is almost dead.
The adder bites you. The worm bites you!
* * * LOW HITPOINT WARNING * * *
A demonic guardian appears!
The goblin closely misses you. The adder attacks as you move away!
The adder barely misses you. The goblin attacks as you move away!
The goblin closely misses you. The worm bites you!
You die...

.. #.# #.#
# #.# #.
#.##### #.#
#.#..<#
#..##.#.###
##...#5..#
#...Pw@###
#P)..wS.#
♣.P♣$P.g#
P..~~~~..#
..♣♣~~~P.#
~~~♣~..#
~♣~~~$..# .
~~~~...#
.~~~....#


You could see 2 worms, an adder, a goblin and a friendly white imp (summoned).

Vanquished Creatures
  3 adders (D:2)
  A dart slug (D:1)
  2 ball pythons
  7 bats
  An endoplasm (D:2)
  3 giant cockroaches
  4 hobgoblins
  5 quokkas
  5 goblins
  7 kobolds
  8 rats
46 creatures vanquished.

Notes
Turn   | Place    | Note
-------+----------+-------------------------------------------
     0 | D:1      | funnyparkerb the Demonspawn Transmuter began the quest for
                  | the Orb.
     0 | D:1      | Reached XP level 1. HP: 15/15 MP: 3/3
   340 | D:1      | Gained mutation: A weak demonic guardian rushes to your
                  | aid. [demonic ancestry]
   340 | D:1      | Reached XP level 2. HP: 16/21 MP: 3/5
   343 | D:1      | Learned a level 2 spell: Wereblood
   947 | D:1      | Discovered your monstrous ancestry.
   947 | D:1      | Lost mutation: You have a pair of horns on your head.
                  | [demonic ancestry]
   947 | D:1      | Lost mutation: You have a pair of small horns on your head.
                  | [demonic ancestry]
   947 | D:1      | Gained mutation: You have a pair of small antennae on your
                  | head. [demonic ancestry]
   947 | D:1      | Reached XP level 3. HP: 25/27 MP: 2/6
  1245 | D:2      | Found Oggibak's Jewellery Emporium.
  1260 | D:1      | Learned a level 3 spell: Spider Form
  1317 | D:2      | Found Eregemist's Antique Armour Emporium.
  1324 | D:2      | Identified the +6 quarterstaff of Oret {vorpal, rC- Will+
                  | Dex+4}
  1677 | D:2      | Found Sogeschim's Book Shoppe.
  1700 | D:2      | Found Pimir's Assorted Antiques.
  1844 | D:2      | Identified the +2 ring mail of Xiso {rF+ Str-2 Int+6 SInv}
  1973 | D:2      | Gained mutation: You have sharp fingernails. [demonic
                  | ancestry]
  1973 | D:2      | Reached XP level 4. HP: 33/33 MP: 4/8
  2174 | D:2      | Found Qergh's Weapon Shoppe.
  2634 | D:3      | Slain by a worm

Illustrated notes

Levels and vault maps discovered:
D:1:      nzn_arrival_crosshair, layout_loops_ring, minmay_pentomino_o4
D:2:      layout_loops_cross, serial_shops, shop, nicolae_lakefront_shop,
          nicolae_shop_crystal, nicolae_shop_trees, shop,
          nicolae_elevator_lobby_asterisk
D:3:      layout_basic, serial_bayou_pond_a, minmay_starry_boxes, uniq_natasha,
          uniq_terence

Skill      XL: |  1  2  3 |
---------------+----------+-----
Transmutations | 2 |  2.7
Fighting       | 2 |  2.2
Dodging        | |  1.7
Unarmed Combat | |  2.6
Spellcasting   | |  2.7
Poison Magic   | |  0.6

Action                   |  1- 3 |  4- 6 || total
-------------------------+-------+-------++-------
Melee: Unarmed           |    96 |    28 ||   124
       Kick              |    22 |     3 ||    25
       Headbutt          |     3 |       ||     3
 Cast: Beastly Appendage |    22 |     9 ||    31
       Wereblood         |    12 |     7 ||    19
 Stab: Sleeping          |     2 |       ||     2
Armor: Robe              |    22 |     6 ||    28
Dodge: Dodged            |    60 |    20 ||    80
